AoeStats
← Axolot

African Clearing

505138097Analyzed
2v2 RM · 25d ago on Sep 8, 2026· 51m 51s· 4 players
Game mode
Random Map
Map size
Medium (4 player)
Population
200
Speed
Normal
Resources
Standard
Victory
Conquest
Starting age
Dark Age
Ending age
Imperial Age
RankedLock teamsTeams togetherTeam positionsShared explorationLock speedFull tech treeHidden civsTurbo modeCheats
Victory
Defeat
🇪🇨 Slavs · Ecuador
1482
+16
🇺🇸 Dravidians · United States
1433
+18
🇦🇷 Mongols · Argentina
1498
-18
🇦🇷 Hindustanis · Argentina
1458
-16
[ECU] QUITUS
10:09 Loom
12:22 Feudal Age
18:54 Bloodlines
28:30 Castle Age
33:04 Double-Bit Axe
38:11 Scale Barding Armor
39:06 Horse Collar
40:49 Chain Barding Armor
40:48 Gold Mining
42:19 Forging
42:43 Husbandry
42:09 Light Cavalry
44:25 Wheelbarrow
45:24 Iron Casting
48:34 Stone Mining
48:56 Bow Saw
51:55 Imperial Age
49:35 Husbandry
50:15 Gold Shaft Mining
Mr. Snuss
9:54 Loom
11:40 Feudal Age
16:16 Castle Age
14:23 Double-Bit Axe
19:44 Bow Saw
22:59 Fletching
23:52 Town Watch
24:39 Bodkin Arrow
26:18 Ballistics
29:23 Padded Archer Armor
30:08 Thumb Ring
34:07 Leather Archer Armor
34:09 Husbandry
36:04 Wheelbarrow
37:29 Devotion
38:14 Elite Skirmisher
42:27 Scale Mail Armor
42:37 Forging
42:30 Squires
42:17 Arson
42:18 Gambesons
48:19 Imperial Age
48:11 Chain Mail Armor
48:31 Iron Casting
49:29 Conscription
50:15 Plate Mail Armor
49:47 Bracer
52:34 Chemistry
Dino_Mate
3:27 Loom
10:25 Feudal Age
11:26 Double-Bit Axe
13:21 Man-at-Arms
15:09 Scale Mail Armor
16:55 Forging
22:35 Castle Age
26:36 Scale Barding Armor
27:13 Horse Collar
28:55 Wheelbarrow
28:09 Town Watch
28:45 Stone Mining
30:19 Fletching
30:30 Padded Archer Armor
31:05 Elite Skirmisher
34:46 Bodkin Arrow
36:43 Ballistics
42:04 Bloodlines
41:56 Husbandry
47:16 Imperial Age
46:32 Gold Mining
48:49 Heavy Camel Rider
Axolot
3:06 Loom
11:26 Feudal Age
16:30 Castle Age
17:32 Double-Bit Axe
17:31 Horse Collar
19:55 Heavy Plow
24:38 Forging
26:52 Scale Mail Armor
34:41 Sanctity
34:34 Gold Mining
39:12 Fervor
39:13 Redemption
42:09 Chain Mail Armor
47:05 Iron Casting
46:47 Scale Barding Armor
49:21 Wheelbarrow
Connection lost

Rejoining the realm…

Still unreachable

The connection could not be restored.

Session expired

The server has moved on; the page needs a fresh start.